AoeStats
← El wey

Lombardia

510230465Analyzed
2v2 RM · 3d ago on Sep 30, 2026· 27m 45s· 4 players
Game mode
Random Map
Map size
Medium (4 player)
Population
200
Speed
Normal
Resources
Standard
Victory
Conquest
Starting age
Dark Age
Ending age
Imperial Age
RankedLock teamsTeams togetherTeam positionsShared explorationLock speedFull tech treeHidden civsTurbo modeCheats
Victory
Defeat
🇦🇷 Ethiopians · Argentina
1083
+16
🇦🇷 Franks · Argentina
1070
+16
🇺🇸 Berbers · United States
1084
-16
🇺🇸 Japanese · United States
1079
-16
El wey
7:18 Loom
10:48 Feudal Age
11:18 Double-Bit Axe
12:11 Horse Collar
14:45 Wheelbarrow
17:41 Fletching
23:42 Castle Age
21:53 Gold Mining
22:05 Padded Archer Armor
23:08 Town Watch
23:52 Crossbowman
24:32 Bodkin Arrow
24:43 Thumb Ring
25:01 Bow Saw
IIIGekoIII
7:14 Loom
9:53 Feudal Age
10:22 Double-Bit Axe
14:42 Wheelbarrow
22:14 Castle Age
20:44 Forging
20:41 Scale Barding Armor
21:47 Gold Mining
23:31 Chain Barding Armor
27:42 Iron Casting
27:48 Hand Cart
27:27 Fletching
koltonkribell
9:29 Loom
12:48 Feudal Age
shoppin_cart
9:29 Loom
11:24 Feudal Age
13:09 Double-Bit Axe
17:16 Wheelbarrow
17:58 Fletching
19:32 Scale Mail Armor
21:15 Padded Archer Armor
21:59 Horse Collar
23:32 Bloodlines
27:40 Castle Age
27:01 Forging
27:15 Gold Mining
27:18 Stone Mining
Connection lost

Rejoining the realm…

Still unreachable

The connection could not be restored.

Session expired

The server has moved on; the page needs a fresh start.